 Dungeon Crawl Stone Soup version 0.24.0-13-gcf9b319 (webtiles) character file.

Game seed: 9867719309341095115, levelgen mode: deterministic

149 ClockworkOrrery the Skirmisher (level 5, 0/37 HPs)
             Began as a Gargoyle Fighter on Feb 22, 2020.
             Slain by an orc
             ... wielding a +0 war axe
              (5 damage)
             ... on level 3 of the Dungeon on Feb 23, 2020.
             The game lasted 00:07:22 (2164 turns).

ClockworkOrrery the Skirmisher (Gargoyle Fighter)   Turns: 2164, Time: 00:07:22

Health: 0/37       AC: 10    Str: 19    XL:     5   Next: 31%
Magic:  5/5        EV: 11    Int: 10    God:
Gold:   74         SH:  0    Dex:  9    Spells: 4/4 levels left

rFire    . . .     SeeInvis .   a - +0 flail
rCold    . . .     Gourm    .   c - +0 shield
rNeg     + . .     Faith    .   b - +0 scale mail
rPois    ∞         Spirit   .   (no helmet)
rElec    +         Reflect  .   p - scarf {cloud immunity}
rCorr    .         Harm     .   (no gloves)
MR       .....                  (no boots)
Stlth    ..........             (no amulet)
HPRegen  0.12/turn              h - +4 ring of evasion
MPRegen  0.09/turn              (no ring)

@: confused
A: negative energy resistance 1, electricity resistance, unbreathing,
petrification resistance, rot immunity, AC +4
a: no special abilities


You were on level 3 of the Dungeon.
You were hungry.

You visited 1 branch of the dungeon, and saw 3 of its levels.

You collected 74 gold pieces.

Inventory:

Hand Weapons
 a - a +0 flail (weapon)
Missiles
 m - 39 stones (quivered)
Armour
 b - a +0 scale mail (worn)
 c - a +0 shield (worn)
 p - a scarf of cloud immunity (worn)
Jewellery
 h - a +4 ring of evasion (left hand)
 s - an uncursed ring of resist corrosion {unknown}
Scrolls
 e - a scroll of teleportation {unknown}
 i - 2 scrolls of enchant weapon {unknown}
 j - 3 scrolls of identify {unknown}
 l - a scroll of remove curse
Potions
 d - a potion of might
 k - a potion of curing
 n - a potion of cancellation {unknown}
 r - a potion of degeneration {unknown}
 u - 2 potions of flight {unknown}
Comestibles
 f - 5 rations
 g - 9 chunks of flesh


   Skills:
 * Level 6.4 Fighting
 - Level 2.0 Maces & Flails
 - Level 3.2 Armour
 - Level 3.2 Shields


You had 4 spell levels left.
You didn't know any spells.
Your spell library was empty.

Dungeon Overview and Level Annotations

Branches:
Dungeon (3/15)

Altars:


Innate Abilities, Weirdness & Mutations

You are resistant to torment.
Your stone body is resilient. (AC +4)
You are immune to poison.
You resist negative energy. (rN+)
You are resistant to electric shocks. (rElec)
You can survive without breathing.
You are immune to petrification.
You are immune to rotting.


Message History

The adder is severely wounded.
You block the bat's attack. The orc hits you but does no damage.
The adder bites you but does no damage. Something hits you but does no damage.
The goblin hits you but does no damage. The hobgoblin closely misses you.
You block the orc's attack.
You sock the adder!
You kill the adder!
You block the bat's attack. The orc hits you with a +0 hand axe.
* * * LOW HITPOINT WARNING * * *
You block the goblin's attack. Something hits you but does no damage.
You block the hobgoblin's attack. The orc barely misses you.
The orc closely misses you.
You hear some strange, mumbled words.
You are confused.
The goblin closely misses you.
You closely miss the goblin. The bat barely misses you.
The bat hits you but does no damage.
The hobgoblin hits you but does no damage.
The orc hits you with a +0 war axe.
You die...

*<,,,**,*$############...##
,,,****,#...............>.####
**,,***......##......#≈≈≈≈≈≈≈#
,,,,,**.................≈...#*
,,,*,*,..................≈..#####
,,,*,,,.............÷..#.........
,,,,,,,................##........
,,,*,,,........b{g.....#####.....
*,**,,,.......††@o>.......##.....
*,***,,.......)go.........)......
*,***,,.?.....†.......#####......
*,,,,,*................# ##...##
***,,,*.....K.....<###.# ##..#
,,,,,,,.....###)...#**.# **#?.#
,,,,,,,.....,..'##+.#*,# **,...#
,,,,*,,....,...#≈≈*...,***,.#..#
,,*,,,,.).....#*≈≈*#..,,**.###.#


You could see 2 orcs, a hobgoblin, a goblin, a bat and a kobold.

Vanquished Creatures
  Jessica (D:2)
  5 adders
  3 worms (D:2)
  A dart slug (D:1)
  2 leopard geckos
  An orc (D:3)
  2 ball pythons
  9 giant cockroaches
  7 goblins
  6 hobgoblins
  4 jackals (D:2)
  4 bats
  5 frilled lizards
  7 kobolds
  8 rats
  A toadstool (D:1)
66 creatures vanquished.

Vanquished Creatures (others)
  3 toadstools (D:1)
3 creatures vanquished.

Grand Total: 69 creatures vanquished

Notes
Turn   | Place    | Note
-------+----------+-------------------------------------------
     0 | D:1      | ClockworkOrrery the Gargoyle Fighter began the quest for
                  | the Orb.
     0 | D:1      | Reached XP level 1. HP: 14/14 MP: 1/1
    84 | D:1      | Reached XP level 2. HP: 5/20 MP: 2/2
    95 | D:1      | Reached skill level 4 in Fighting
   558 | D:1      | Reached XP level 3. HP: 24/24 MP: 3/3
  1319 | D:2      | Reached skill level 5 in Fighting
  1571 | D:2      | Reached XP level 4. HP: 31/31 MP: 4/4
  1596 | D:2      | Noticed Jessica
  1609 | D:2      | Killed Jessica
  1840 | D:2      | Reached skill level 6 in Fighting
  2013 | D:3      | Reached XP level 5. HP: 36/36 MP: 5/5
  2164 | D:3      | Slain by an orc

Levels and vault maps discovered:
D:1:      ldierk_water_garden, layout_basic, minmay_cut_off
D:2:      layout_basic, first_ration, uniq_jessica
D:3:      layout_rooms, gup_sewer_entry_bowl, chequers_serial_rivers_micro_e

Skill      XL: |  1  2  3  4 |
---------------+-------------+-----
Fighting       | 4 5 6 |  6.4
Maces & Flails | |  2.0
Armour         | |  3.2
Shields        | |  3.2

Action                   |  1- 3 |  4- 6 || total
-------------------------+-------+-------++-------
Melee: Flail             |   177 |   131 ||   308
  Use: Scroll            |       |     6 ||     6
  Eat: Chunk             |     2 |     2 ||     4
Armor: Scale mail        |   103 |   140 ||   243
Dodge: Dodged            |    84 |   134 ||   218
Block: Shield            |   102 |   115 ||   217
